 Dungeon Crawl Stone Soup version 0.20.1-1-g8b1a95d (webtiles) character file.

44 Saithnar the Grave Robber (level 3, -5/24 HPs)
             Began as a Vampire Necromancer on Aug 18, 2017.
             Slain by Natasha (8 damage)
             ... on level 2 of the Dungeon.
             The game lasted 00:11:30 (1798 turns).

Saithnar the Grave Robber (Vampire Necromancer)     Turns: 1798, Time: 00:11:32

Health: -5/24      AC:  2    Str:  7    XL:     3   Next: 41%
Magic:  1/7        EV: 12    Int: 18    God:
Gold:   26         SH:  0    Dex: 14    Spells: 2/7 levels left

rFire    . . .     SeeInvis +   (no weapon)
rCold    . . .     Gourm    .   (no shield)
rNeg     + . .     Faith    .   e - +0 robe
rPois    .         Spirit   .   (no helmet)
rElec    .         Reflect  .   (no cloak)
rCorr    .         Harm     .   (no gloves)
MR       .....                  (no boots)
Stlth    ++........             (no amulet)
Regen    0.1/turn               (no ring)
MPRegen  0.1/turn               (no ring)

@: no status effects
A: fangs 3, see invisible, unbreathing
a: Bat Form


You were on level 2 of the Dungeon.
You were not thirsty.

You visited 1 branch of the dungeon, and saw 2 of its levels.

You collected 26 gold pieces.

Inventory:

Hand Weapons
 i - a +2 whip of draining
Armour
 a - a +0 robe
 e - a +0 robe (worn)
Scrolls
 f - a scroll of remove curse {unknown}
 h - a scroll of identify {unknown}
Potions
 c - a potion of blood
 d - 2 potions of heal wounds {unknown}
 g - a potion of ambrosia {unknown}
 j - a potion of mutation {unknown}
 k - a potion of brilliance {unknown}
Books
 b - a book of Necromancy

   Spells                             Type                      Level
   a - Pain                           Necromancy                   1
   b - Animate Skeleton               Necromancy                   1
   c - Vampiric Draining              Necromancy                   3
   d - Regeneration                   Charms/Necromancy            3
   e - Animate Dead                   Necromancy                   4
   f - Control Undead                 Necromancy                   4


   Skills:
 + Level 2.2 Dodging
 + Level 3.1 Stealth
 + Level 2.8 Spellcasting
 + Level 5.1 Necromancy


You had 2 spell levels left.
You knew the following spells:

 Your Spells              Type           Power        Failure   Level  Hunger
a - Pain                  Necr           ###.         1%          1    None
b - Animate Skeleton      Necr           N/A          1%          1    None
c - Regeneration          Chrm/Necr      ##........   17%         3    ###....


Dungeon Overview and Level Annotations

Branches:
Dungeon (2/15)

Altars:

Annotations:
D:2 Natasha


Innate Abilities, Weirdness & Mutations

You have razor-sharp teeth.
You have supernaturally acute eyesight. (SInv)
You can survive without breathing.


Message History

Really attack barehanded? [Y]es or [N]o only, please.
Really attack barehanded? [Y]es or [N]o only, please.
Really attack barehanded? [Y]es or [N]o only, please.
Really attack barehanded? [Y]es or [N]o only, please.
Really attack barehanded? [Y]es or [N]o only, please.
Really attack barehanded? [Y]es or [N]o only, please.
Really attack barehanded?
Okay, then.
The crimson imp hits you.
* * * LOW HITPOINT WARNING * * *
Natasha barely misses you. The crimson imp closely misses you.
Natasha closely misses you. The crimson imp barely misses you.
Natasha claws you!
You die...

... #.. .!# ####.#
# #....##.###
#.##... #..
########.##.####..
#@5g.......g.g.'g.
#h##.<#.###g####..
#5#s.#....#.####.%
#gs..#..#.#..g....
####....#.#####...
#.##.#.........
#.##.########..
#....# #..
########..


You could see Natasha, a crimson imp, a white imp, a giant cockroach, a
hobgoblin and a goblin.

Vanquished Creatures
  2 adders
  An ooze (D:1)
  A leopard gecko (D:1)
  A bat (D:1)
  A giant cockroach (D:1)
  A goblin (D:1)
  A hobgoblin (D:1)
  A kobold (D:1)
  12 rats (D:1)
21 creatures vanquished.

Vanquished Creatures (collateral kills)
  A dart slug (D:1)
  A goblin (D:1)
  3 rats (D:1)
5 creatures vanquished.

Grand Total: 26 creatures vanquished

Notes
Turn   | Place    | Note
-------+----------+-------------------------------------------
     0 | D:1      | Saithnar the Vampire Necromancer began the quest for the Orb.
     0 | D:1      | Reached XP level 1. HP: 13/13 MP: 3/3
   540 | D:1      | Reached XP level 2. HP: 18/19 MP: 1/5
   543 | D:1      | Learned a level 1 spell: Animate Skeleton
   700 | D:1      | Reached skill level 5 in Necromancy
  1139 | D:1      | Reached XP level 3. HP: 17/24 MP: 1/6
  1367 | D:1      | Learned a level 3 spell: Regeneration
  1742 | D:2      | Noticed Natasha
  1798 | D:2      | Slain by Natasha

Skill      XL: |  1  2 |
---------------+-------+-----
Necromancy     | 5 |  5.1
Dodging        | |  2.2
Stealth        | |  3.1
Spellcasting   | |  2.8

Action                   || total
-------------------------++-------
Melee: Unarmed           ||     3
       Bite              ||     2
 Cast: Pain              ||    40
       Animate Skeleton  ||     3
       Regeneration      ||     2
  Eat: Corpse            ||     7
Armor: Robe              ||     7
Dodge: Dodged            ||    29
